 Dungeon Crawl Stone Soup version 0.30-a0-1160-g6e42c06551 (webtiles) character file.

Game seed: 11940628099717778154

44932 hwolsky the Severer (level 13, -12/122 HPs)
             Began as a Minotaur Fighter on Apr 26, 2023.
             Was the Champion of Okawaru.
             Mangled by Zinwir's ghost (25 damage)
             ... on level 4 of the Lair of Beasts.
             The game lasted 00:49:38 (16075 turns).

hwolsky the Severer (Minotaur Fighter)             Turns: 16075, Time: 00:49:39

Health: -12/122    AC: 27    Str: 31    XL:     13   Next: 98%
Magic:  1/17       EV:  9    Int:  5    God:    Okawaru [******]
Gold:   1172       SH: 21    Dex: 11    Spells: 12/12 levels left

rFire   + . .        D - +6 broad axe (heavy)
rCold   + . .        i - +2 tower shield
rNeg    . . .        z - +0 plate armour
rPois   +            I - +0 hat
rElec   +            F - +1 cloak
rCorr   +            K - +3 Mad Mage's Maulers {Infuse+∞ VampMP -Cast}
SInv    +            u - +0 pair of boots
Will    .....        k - amulet of faith Stlth
                     h - ring of see invisible
HPRegen 0.40/turn    w - +6 ring of strength
MPRegen 0.15/turn

%: no spellcasting, faith, infuse magic (1 MP)
@: resistant, heroic, slowed, studying Summonings, very slow
A: horns 2, retaliatory headbutt
a: Renounce Religion, Heroism, Finesse, Duel


You were on level 4 of the Lair of Beasts.
You worshipped Okawaru.
Okawaru was exalted by your worship.
You visited 3 branches of the dungeon, and saw 14 of its levels.
You also visited: Ice Cave.

You collected 1172 gold pieces.

Inventory:

Hand Weapons
 D - a +6 heavy broad axe (weapon)
Missiles
 d - 5 atropa-tipped darts
 l - 5 boomerangs (quivered)
 n - 6 datura-tipped darts
 y - 5 javelins
 C - 4 curare-tipped darts
 P - 5 poisoned darts
Armour
 i - a +2 tower shield (worn)
 u - a +0 pair of boots (worn)
 z - a +0 plate armour (worn)
 F - a +1 cloak (worn)
 I - a +0 hat (worn)
 K - the +3 Mad Mage's Maulers (worn) {Infuse+∞ VampMP -Cast}
   (Okawaru gifted it to you in an ice cave)

   Infuse+∞: It empowers its wearer's blows with all of their magic.
   VampMP:    Blows struck in melee replenish the wearer's magic.
   -Cast:     It prevents spellcasting.
 O - the +18 Lear's hauberk
   (Okawaru gifted it to you on level 3 of the Lair of Beasts)
Jewellery
 h - a ring of see invisible (left hand)
 k - an amulet of faith (around neck)
 s - a +5 ring of evasion
 v - the ring of Ynaun {Fly rC+ Dex-4 Slay+2}
   (You found it on level 5 of the Dungeon)

   [ring of flight]

   Dex:       It affects your dexterity (-4).
   Slay:      It affects your accuracy & damage with ranged weapons and melee
   (+2).
   rC:        It protects you from cold.
   Fly:       It grants you flight.
 w - a +6 ring of strength (right hand)
Wands
 a - a wand of paralysis (28)
 j - a wand of quicksilver (6)
 A - a wand of flame (14)
 E - a wand of mindburst (22)
 J - a wand of roots (5)
 L - a wand of polymorph (4)
Scrolls
 e - 5 scrolls of teleportation
 f - 2 scrolls of butterflies
 r - 2 scrolls of amnesia
 B - 5 scrolls of identify
 H - a scroll of silence
 Q - a scroll of fog
Potions
 b - a potion of might
 c - 2 potions of haste
 g - 2 potions of cancellation
 o - 2 potions of attraction
 q - 2 potions of flight
 G - a potion of berserk rage
 M - a potion of magic {unknown}


   Skills:
 + Level 13.0(18.0) Fighting
 * Level 17.6(22.6) Axes
 + Level 13.0(18.0) Armour
 + Level 13.0(18.0) Shields
 + Level 7.7 Invocations


You had 12 spell levels left.
You didn't know any spells.
Your spell library contained the following spells:

 Spells                   Type           Power      Damage    Failure   Level
 Sting                    Tmut/Pois      0%         1d3       99%         1
 Ensorcelled Hibernation  Hex/Ice        0%         N/A       99%         2
 Passwall                 Tmut/Erth      0%         N/A       99%         2
 Poisonous Vapours        Pois/Air       0%         N/A       99%         2
 Static Discharge         Conj/Air       0%         2-2/arc   99%         2
 Dazzling Flash           Conj/Hex       0%         N/A       100%        3
 Hailstorm                Conj/Ice       0%         3d3       100%        3
 Ignite Poison            Fire/Tmut/Pois 0%         N/A       100%        3
 Ozocubu's Armour         Ice            0%         N/A       100%        3
 Spider Form              Tmut/Pois      0%         N/A       100%        3
 Swiftness                Air            0%         N/A       100%        3
 Airstrike                Air            0%         2d(0-16)  100%        4
 Ice Form                 Ice/Tmut       0%         N/A       100%        4
 Leda's Liquefaction      Hex/Erth       0%         N/A       100%        4
 Olgreb's Toxic Radiance  Pois           0%         N/A       100%        4
 Agony                    Necr           0%         N/A       100%        5
 Lee's Rapid Deconstruct  Erth           0%         3d4*      100%        5
 Metabolic Englaciation   Hex/Ice        0%         N/A       100%        5
 Silence                  Hex/Air        0%         N/A       100%        5
 Statue Form              Tmut/Erth      0%         N/A       100%        6
 Summon Lightning Spire   Summ/Air       Unusable   N/A       N/A         4
 Simulacrum               Ice/Necr       Unusable   N/A       N/A         6

Dungeon Overview and Level Annotations

Branches:
Dungeon (9/15)             Temple (1/1) D:5            Lair (4/5) D:9
  Swamp (0/4) Lair:2        Snake (0/4) Lair:3          Orc (0/2) D:9
  IceCv (visited)
  Slime: Lair:4-5

Altars:
Ashenzari
Cheibriados
Dithmenos
Elyvilon
Fedhas
Gozag
Hepliaklqana
Kikubaaqudgha
Makhleb
Nemelex Xobeh
Okawaru
Qazlal
Ru
Sif Muna
Trog
Uskayaw
Vehumet
Wu Jian
Xom
Yredelemnul
Zin
The Shining One

Annotations:
Lair:4 Zinwir's ghost, journeyman KoHu


Innate Abilities, Weirdness & Mutations

You have a pair of horns on your head.
You reflexively headbutt those who attack you in melee.


Message History

* * * LOW HITPOINT WARNING * * *
You block the human's attack.
Zinwir's ghost casts a spell.
Zinwir's ghost radiates an aura of cold.
You feel as though you will be slow longer.
You block the human's attack.
You completely miss Zinwir's ghost.
Zinwir's ghost is almost destroyed.
You slice the human!!
You kill the human!
That felt strangely unrewarding.
You block Zinwir's ghost's attack.
Zinwir's ghost casts a spell.
Zinwir's ghost radiates an aura of cold.
You feel as though you will be slow longer.
You barely miss Zinwir's ghost.
Zinwir's ghost is almost destroyed.
Zinwir's ghost casts a spell.
Zinwir's ghost radiates an aura of cold.
You feel as though you will be slow longer.
You barely miss Zinwir's ghost.
Zinwir's ghost is severely damaged.
Zinwir's ghost hits you but does no damage.
Zinwir's ghost casts a spell.
Zinwir's ghost radiates an aura of cold.
You feel as though you will be slow longer.
You completely miss Zinwir's ghost. Your headbutt misses Zinwir's ghost.
Zinwir's ghost is severely damaged.
Zinwir's ghost gestures wildly while chanting.
Zinwir's ghost radiates an aura of cold.
You feel as though you will be slow longer.
Zinwir's ghost hits you!
* * * LOW HITPOINT WARNING * * *
Zinwir's ghost freezes you.
* * * LOW HITPOINT WARNING * * *
Okay, then.
Okay, then.
You feel protected.
Zinwir's ghost laughs crazily.
Zinwir's ghost hits you!!
You die...

####....# #P.P...## ####
#......# ##..# #....#.#
##...# #..<...## ..
#P...###......P#
.?..##§§..#...)....#
...P..§§§...#.....#####
......§§@§........##..##
......##W##...#...P#...#
......#§S§#...##.......#
..h...#§§§#...###......#
#.... #§§§#...#
#....##.# ##...
#####.... ##....### #.S
......#.#...##
#........#<...#
##.....###


You could see a black mamba and Zinwir's ghost.

Vanquished Creatures
  The ghost of Orangeyouglad the Bringer of Law, an adept HuMo of Zin (Lair:3)
  Kirke (Lair:4)
  A frost giant (IceCv)
  3 hydras
  A catoblepas (Lair:2)
  A two-headed ogre (D:9)
  7 death yaks (IceCv)
  A skyshark (Lair:2)
  A deep elf pyromancer (D:7)
  Pikel (D:6)
  An oklob plant (Lair:3)
  2 cyclopes (D:7)
  4 black mambas
  6 elephants (Lair:1)
  Maurice (D:8)
  An ice statue (IceCv)
  Maggie (D:8)
  11 cane toads
  A rime drake (Lair:1)
  4 komodo dragons
  A hornet (D:9)
  A troll (D:9)
  A tyrant leech (Lair:2)
  12 polar bears
  4 blink frogs (Lair:1)
  5 dream sheep (Lair:3)
  Sigmund (D:6)
  A shadow (D:9)
  A wraith (D:8)
  The ghost of qeuew the Magician, an amateur DEFE of Sif Muna (D:5)
  4 wyverns
  38 yaks
  2 basilisks
  A human (Lair:4)
  A steam dragon (D:8)
  6 hogs (Lair:4)
  Menkaure (D:6)
  25 water moccasins
  6 orc warriors
  2 ice beasts
  4 sky beasts
  2 black bears
  29 wolves
  An ogre (D:5)
  2 phantoms
  4 lemures (D:6)
  3 centaurs
  6 kobold brigands
  13 bullfrogs
  A scorpion (Lair:1)
  15 wights
  3 killer bees (D:7)
  2 howler monkeys (D:7)
  8 electric eels
  2 jellies (D:5)
  10 orc priests
  8 hounds
  3 gnoll boudas
  7 iguanas
  3 sleepcaps
  23 orc wizards
  11 adders
  10 gnolls
  A shadow imp (D:7)
  14 white imps
  An ufetubus (D:5)
  4 worms
  A dart slug (D:5)
  53 orcs
  9 ball pythons
  A bat (D:2)
  8 endoplasms
  4 giant cockroaches
  10 goblins
  8 hobgoblins
  3 jackals (D:3)
  6 quokkas
  29 kobolds
  4 rats
490 creatures vanquished.

Vanquished Creatures (others)
  A shadow (D:7)
  An orc warrior (D:8)
  A kobold (D:8)
  10 fungi
  24 plants
37 creatures vanquished.

Grand Total: 527 creatures vanquished

Notes
Turn   | Place    | Note
-------+----------+-------------------------------------------
     0 | D:1      | hwolsky the Minotaur Fighter began the quest for the Orb.
     0 | D:1      | Reached XP level 1. HP: 19/19 MP: 0/0
   100 | D:1      | Reached XP level 2. HP: 27/27 MP: 1/1
   144 | D:1      | Reached skill level 3 in Axes
   758 | D:2      | Reached XP level 3. HP: 33/33 MP: 2/2
  1208 | D:2      | Reached XP level 4. HP: 40/40 MP: 3/3
  1347 | D:2      | Reached skill level 4 in Axes
  1888 | D:3      | Reached XP level 5. HP: 40/47 MP: 4/4
  2296 | D:3      | Reached skill level 5 in Axes
  2478 | D:4      | Noticed a centaur
  2485 | D:4      | Killed a centaur
  2486 | D:4      | Reached XP level 6. HP: 47/55 MP: 5/5
  2506 | D:4      | Reached skill level 5 in Shields
  2701 | D:4      | Reached skill level 5 in Fighting
  2701 | D:4      | Reached skill level 5 in Armour
  2720 | D:4      | Got Sif Muna's Vellum of the Black Widow
  3013 | D:4      | Reached skill level 6 in Axes
  3189 | D:5      | Entered Level 5 of the Dungeon
  3191 | D:5      | Noticed an ice beast
  3195 | D:5      | Killed an ice beast
  3196 | D:5      | Reached XP level 7. HP: 61/61 MP: 6/6
  3201 | D:5      | Identified the ring of Ynaun {Fly rC+ Dex-4 Slay+2}
  3369 | D:5      | Reached skill level 7 in Axes
  3559 | D:5      | Found a staircase to the Ecumenical Temple.
  3572 | D:5      | Found a runed translucent door.
  3573 | D:5      | Noticed qeuew's ghost (amateur DEFE)
  3962 | D:5      | Reached XP level 8. HP: 42/70 MP: 7/7
  4337 | D:5      | Killed qeuew's ghost
  4338 | D:5      | Reached skill level 8 in Axes
  4366 | Temple   | Entered the Ecumenical Temple
  4567 | Temple   | Became a worshipper of Warmaster Okawaru
  4770 | D:6      | Noticed Sigmund
  4782 | D:6      | Killed Sigmund
  4955 | D:6      | Noticed Pikel
  4968 | D:6      | Killed Pikel
  4968 | D:6      | Reached * piety under Okawaru
  4969 | D:6      | Reached skill level 9 in Axes
  5146 | D:6      | Reached XP level 9. HP: 65/79 MP: 8/8
  5421 | D:6      | Found a radiant altar of Vehumet.
  5465 | D:6      | Noticed Menkaure
  5471 | D:6      | Killed Menkaure
  6092 | D:7      | Reached ** piety under Okawaru
  6093 | D:7      | Reached skill level 10 in Axes
  6100 | D:7      | Noticed a deep elf pyromancer
  6106 | D:7      | Killed a deep elf pyromancer
  6107 | D:7      | Reached skill level 1 in Invocations
  6113 | D:7      | Noticed a cyclops
  6127 | D:7      | Noticed a cyclops
  6132 | D:7      | Killed a cyclops
  6132 | D:7      | Reached *** piety under Okawaru
  6135 | D:7      | Reached skill level 11 in Axes
  6143 | D:7      | Killed a cyclops
  6144 | D:7      | Reached XP level 10. HP: 42/90 MP: 8/11
  6562 | D:7      | Reached **** piety under Okawaru
  6918 | D:7      | Reached skill level 12 in Axes
  7744 | D:8      | Noticed Maurice
  7755 | D:8      | Killed Maurice
  7755 | D:8      | Reached ***** piety under Okawaru
  7756 | D:8      | Noticed Maggie
  7769 | D:8      | Killed Maggie
  7859 | D:8      | Reached XP level 11. HP: 85/97 MP: 13/13
  8025 | D:8      | Identified the +7 quarterstaff of Discomfort {heavy, Str+4}
  8532 | D:8      | Received a gift from Okawaru
  8864 | D:9      | Reached skill level 13 in Axes
  8864 | D:9      | Reached skill level 5 in Invocations
  8866 | D:9      | Found a staircase to the Orcish Mines.
  9245 | D:9      | Reached skill level 10 in Shields
  9247 | D:9      | Reached skill level 10 in Armour
  9248 | D:9      | Reached skill level 10 in Fighting
  9727 | D:9      | Found a staircase to the Lair.
  9846 | D:9      | Noticed a two-headed ogre
  9850 | D:9      | Killed a two-headed ogre
 10132 | Lair:1   | Entered Level 1 of the Lair of Beasts
 10264 | Lair:1   | Reached skill level 14 in Axes
 10281 | Lair:1   | Received a gift from Okawaru
 10281 | Lair:1   | Reached ****** piety under Okawaru
 10470 | Lair:1   | Found a frozen archway.
 10477 | Lair:1   | Reached XP level 12. HP: 84/108 MP: 14/14
 10492 | IceCv    | Entered an ice cave
 10776 | IceCv    | Noticed a death yak
 10781 | IceCv    | Killed a death yak
 10782 | IceCv    | Reached skill level 15 in Axes
 10919 | IceCv    | Noticed a death yak
 10919 | IceCv    | Noticed a death yak
 10920 | IceCv    | Noticed a death yak
 10926 | IceCv    | Killed a death yak
 10929 | IceCv    | Killed a death yak
 10932 | IceCv    | Killed a death yak
 10932 | IceCv    | Received a gift from Okawaru
 10932 | IceCv    | Found the +3 Mad Mage's Maulers {Infuse+∞ VampMP -Cast}
 10966 | IceCv    | Noticed a death yak
 10976 | IceCv    | Killed a death yak
 11123 | IceCv    | Noticed a frost giant
 11130 | IceCv    | Killed a frost giant
 11130 | IceCv    | Noticed a death yak
 11131 | IceCv    | Killed a death yak
 11132 | IceCv    | Reached skill level 16 in Axes
 11134 | IceCv    | Noticed a death yak
 11140 | IceCv    | Killed a death yak
 11141 | IceCv    | Reached XP level 13. HP: 76/117 MP: 2/16
 13091 | Lair:2   | Received a gift from Okawaru
 13525 | Lair:2   | Found a staircase to the Swamp.
 14325 | Lair:3   | Reached skill level 17 in Axes
 14413 | Lair:3   | Found a staircase to the Snake Pit.
 14710 | Lair:3   | Received a gift from Okawaru
 14710 | Lair:3   | Found the +18 Lear's hauberk
 15093 | Lair:3   | Found a large runed translucent door.
 15093 | Lair:3   | Found a large runed translucent door.
 15099 | Lair:3   | Noticed Orangeyouglad's ghost (adept HuMo)
 15116 | Lair:3   | Killed Orangeyouglad's ghost
 16017 | Lair:4   | Found a runed translucent door.
 16022 | Lair:4   | Noticed Zinwir's ghost (journeyman KoHu)
 16058 | Lair:4   | Noticed Kirke
 16066 | Lair:4   | Killed Kirke
 16075 | Lair:4   | Mangled by Zinwir's ghost

Illustrated notes

Levels and vault maps discovered:
D:1:      saegor_arrival_simple_d, layout_basic, minivault_19
D:2:      kennysheep_six_static_rooms, layout_loops_ring, minmay_pentomino_pile
D:3:      layout_basic, eino_tiny_chamber, kennysheep_generic_room_15
D:4:      layout_basic
D:5:      layout_rooms, minmay_temple_entry_junction_2, portal_sewer_entry_f,
          ebering_ghost_reflecting_pool, grunt_ministairs_4
D:6:      layout_basic, vehumet_crystals, nrook_mini_vaults, grunt_ministairs_1,
          minmay_a_box_with_orc_wizards_in_it, uniq_menkaure, uniq_sigmund,
          uniq_pikel
D:7:      nzn_winding_woodlands_medium [nzn_winding_woodlands_hourglass,
          nzn_winding_woodlands_5x15_cabin, nzn_winding_woodlands_5x5_perimeter,
          nzn_winding_woodlands_5x5_checkerboard,
          nzn_winding_woodlands_center_pierced_h,
          nzn_winding_woodlands_5x5_cross,
          nzn_winding_woodlands_5x5_closed_star,
          nzn_winding_woodlands_5x15_sidewinder,
          nzn_winding_woodlands_5x5_three], layout_cave_pods,
          grunt_ministairs_7, st_stairs_1
D:8:      layout_cave_pools, grunt_ministairs_10, chequers_big_river,
          minmay_starry_boxes, uniq_maurice, uniq_maggie
D:9:      layout_roguey, erik_lair_island, minmay_orc_entry_temple_small,
          kennysheep_cluttered_room
Temple:   kilobyte_greek_temple
Lair:1:   layout_chaotic_city, portal_ice_cave_entry_imps
Lair:2:   layout_cave_shapes, palyth_hydra_swamp_entry, gauntlet_entry_generic
Lair:3:   layout_hall_layers, minmay_snake_entry_six_corridors,
          ebering_ghost_disaster_area, grunt_megastairs_1
Lair:4:   layout_misc_corridors, ebering_ghost_inner_flame,
          minmay_lair_oklob_bushes, pdpol_lair_cavern_descent, uniq_kirke

Skill      XL: |  1  2  3  4  5  6  7  8  9 10 11 12 13 |
---------------+----------------------------------------+-----
Axes           | 3 4 5 6 7 9 11 12 14 16 17 | 17.6
Shields        | 4 5 6 7 8 9 10 12 13 | 13.0
Fighting       | 4 5 6 7 8 9 10 11 13 | 13.0
Armour         | 4 5 6 7 8 9 10 12 13 | 13.0
Invocations    | 2 4 5 6 7 |  7.7

Action                     |  1- 3 |  4- 6 |  7- 9 | 10-12 | 13-15 || total
---------------------------+-------+-------+-------+-------+-------++-------
  Melee: War axe           |    78 |   127 |   213 |   195 |       ||   613
         Headbutt          |    11 |    21 |    39 |    82 |    23 ||   176
         Broad axe         |       |       |       |   201 |   173 ||   374
  Throw: Boomerang         |       |       |     6 |    13 |     3 ||    22
 Invoke: Heroism           |       |       |     1 |     1 |     3 ||     5
         Finesse           |       |       |       |       |     2 ||     2
    Use: Scroll            |     8 |     3 |     6 |     8 |     3 ||    28
         Potion            |       |     2 |     1 |     8 |     6 ||    17
   Stab: Invisible         |       |       |       |     2 |       ||     2
 Armour: Scale mail        |    31 |    45 |    61 |       |       ||   137
         Plate armour      |       |       |    16 |   243 |   122 ||   381
  Dodge: Dodged            |    29 |    36 |    35 |    80 |    60 ||   240
  Block: Buckler           |     8 |       |       |       |       ||     8
         Tower shield      |    39 |   107 |   176 |   431 |   219 ||   972

Table legend: (Time is in decaauts)
 A = Elapsed time spent in this place.
 B = Non-inter-level travel time spent in this place.
 C = Inter-level travel time spent in this place.
 D = Time resting spent in this place.
 E = Time spent auto-exploring this place.
 F = Levels seen in this place.
 G = Mean time per level.
                   A        B        C        D        E       F      G
               +--------+--------+--------+--------+--------+-----+--------+
         Total |  16416 |  15914 |    502 |   1311 |  10206 |  15 | 1094.4 |
       Dungeon |  10024 |   9634 |    390 |   1086 |   5772 |   9 | 1113.8 |
        Temple |    357 |    321 |     36 |      0 |    294 |   1 |  357.0 |
          Lair |   4858 |   4784 |     74 |    151 |   3440 |   4 | 1214.5 |
      Ice Cave |   1176 |   1176 |      0 |     74 |    699 |   1 | 1176.0 |
               +--------+--------+--------+--------+--------+-----+--------+

Top non-repeatable levels by time:
  Lair:3: 1728 daAuts
     D:7: 1648 daAuts
  Lair:1: 1520 daAuts
  Lair:2: 1517 daAuts
     D:8: 1425 daAuts
     D:9: 1317 daAuts
     D:5: 1231 daAuts
   IceCv: 1176 daAuts
     D:6: 1106 daAuts
     D:2: 956 daAuts
     D:3: 804 daAuts
     D:4: 767 daAuts
     D:1: 766 daAuts
  Temple: 357 daAuts
  Lair:4: 91 daAuts
